 Dungeon Crawl Stone Soup version 0.14-a0-788-g14b720c (webtiles) character file.

101826 Nadir the Tortoise (level 17, -11/123 HPs)
             Began as a Formicid Fighter on Nov 10, 2013.
             Was the Champion of Makhleb.
             Mangled by Aizul (12 damage)
             ... on Level 2 of the Elven Halls.
             The game lasted 01:51:28 (30778 turns).

Nadir the Tortoise (Formicid Fighter)              Turns: 30778, Time: 01:51:30

HP -11/123       AC 31     Str 25      XL: 17   Next: 36%
MP  33/33        EV  7     Int  7      God: Makhleb [******]
Gold 685         SH 11     Dex 17      Spells:  0 memorised, 16 levels left

Res.Fire  : + . .   See Invis. : +   d - +0,+3 sabre (elec)
Res.Cold  : . . .   Warding    : .   N - -1 dwarf plate armour
Life Prot.: . . .   Conserve   : .   T - +0 dwarf buckler
Res.Poison: x       Res.Corr.  : .   (helmet unavailable)
Res.Elec. : .       Clarity    : .   C - +2 cloak
Sust.Abil.: . .     Spirit.Shd : .   i - +0 pair of gloves {Dex+3}
Res.Mut.  : +       Stasis     : +   L - +5 pair of boots of Inacue {Acc+2}
Res.Rott. : .       Flight     : .   X - amulet of resist mutation
Saprovore : . . .                    p - ring of see invisible
                                     m - ring of protection from fire

@: very poisoned, quite resistant to hostile enchantments, extremely unstealthy
A: permanent stasis, dig shafts and tunnels, four strong arms, poison weakness,
antennae 3, beak, +10% hp, exoskeleton 1
a: Dig, Shaft Self, Minor Destruction, Lesser Servant of Makhleb, Major
Destruction, Greater Servant of Makhleb, Renounce Religion


You were on level 2 of the Elven Halls.
You worshipped Makhleb.
Makhleb was exalted by your worship.
You were hungry.

You visited 5 branches of the dungeon, and saw 29 of its levels.
You visited 1 bazaar.
You also visited: Bailey and Volcano.

You collected 2963 gold pieces.
You spent 2278 gold pieces at shops.

Inventory:

Hand weapons
 d - a +0,+3 sabre of electrocution (weapon)
 q - a +0,+0 giant spiked club
 s - a +5,+4 dagger of electrocution
 w - a cursed -1 orcish blowgun
 x - a +1,+2 great mace of protection
 E - a +0,+0 short sword of distortion
Missiles
 y - a dart (quivered)
 F - 6 curare-tipped needles
 M - a throwing net
 Y - 3 large rocks
Armour
 i - a +0 pair of gloves of dexterity (worn)
 k - a +0 cloak of darkness
 C - a +2 cloak (worn)
 L - the +5 pair of boots of Inacue (worn) {Acc+2}
   (You found it on level 6 of the Dungeon)

   It affects your accuracy (+2).
 N - a -1 dwarven plate armour (worn)
 T - a +0 dwarven buckler (worn)
Magical devices
 a - a wand of teleportation (1)
 c - a wand of fire (1)
 g - a wand of paralysis (6)
 n - a wand of cold (6)
 u - a wand of lightning (5)
 V - a wand of teleportation (1)
Comestibles
 h - 4 meat rations
 A - 2 bread rations
 I - a chunk of elf flesh
 S - 3 chunks of human flesh
Scrolls
 r - 5 scrolls of remove curse
 B - a scroll of recharging {unknown}
 H - a scroll of silence
 P - 2 scrolls of fog
Jewellery
 e - an uncursed amulet of rage {unknown}
 j - an uncursed ring of protection from fire
 m - a ring of protection from fire (left hand)
 p - a ring of see invisible (right hand)
 v - an uncursed ring of sustain abilities
 G - a +2 ring of evasion {unknown}
 K - an uncursed ring of magical power
 R - an uncursed ring of positive energy
 W - an uncursed ring of protection from cold
 X - an amulet of resist mutation (around neck)
 Z - an uncursed ring of ice
Potions
 b - 2 potions of poison {unknown}
 l - 2 potions of cure mutation {unknown}
 o - a potion of experience {unknown}
 t - a potion of heal wounds
 z - 3 potions of magic
 D - a potion of restore abilities
 J - 3 potions of flight
 O - a potion of agility
Miscellaneous
 Q - a phial of floods


   Skills:
 - Level 14.5 Fighting
 - Level 8.5 Short Blades
 + Level 11.5 Maces & Flails
 - Level 18.4 Armour
 - Level 0.6 Dodging
 - Level 3.4 Shields
 - Level 14.8 Invocations


You had 16 spell levels left.
You didn't know any spells.

Dungeon Overview and Level Annotations

Branches:
Dungeon (14/27)            Temple (1/1) D:6             Orc (4/4) D:8
    Elf (2/3) Orc:4          Lair (8/8) D:8           Swamp (0/5) Lair:6
 Spider (0/5) Lair:5        Slime (0/6) Lair:6

Altars:
Ashenzari
Cheibriados
Elyvilon
Fedhas
Kikubaaqudgha
Makhleb
Nemelex Xobeh
Okawaru
Sif Muna
Trog
Vehumet
Xom
Yredelemnul
Zin
the Shining One
Beogh

Shops:
D:7 !   D:8 }   Orc:4 (![}   Elf:1 */=

Portals:
Trove: D:11 (give +6,+6 demon blade)

Annotations:
Elf:2 Aizul
Lair:4 exclusion: 4 oklob plants
Lair:7 exclusion: oklob plant


Innate Abilities, Weirdness & Mutations

Your are under a permanent stasis effect.
You can dig through walls and to a lower floor.
Your four strong arms can wield any weapon, most with a shield.
You are susceptible to poison.
You have a pair of large antennae on your head (SInv).
Your body is surrounded by an exoskeleton. (HP +5, AC +1)
You have a beak for a mouth.
You are robust (+10% HP).


Message History

Aizul is covered in liquid flames!
You feel somewhat more hungry.
Aizul burns!
Unknown command.
Use which ability? (? or * to list)
A demon appears!
You are feeling hungry.
Aizul burns!
Aizul coils himself and waves his upper body at you.
The bolt of poison hits you!
You are poisoned.
Unknown command.
Unknown command.
Drink which item? (? for menu, Esc to quit)
You feel better.
Aizul burns!
Aizul casts a spell at you. The poison arrow hits you!
You are poisoned.
Ouch! That really hurt!
* * * LOW HITPOINT WARNING * * *
Your green death hits Aizul!
Aizul hits you!
You die...

#.#.#### ###.#
#.#.#.. .....
#<#.#.# ###...
#.#.#.### .....
|.......###.###...#
................#e#
...}#.#########..2#
#####.###########S#
#..)........@.#
###############


You could see Aizul (burning), a deep elf priest and a friendly green death.

Vanquished Creatures
  Kirke (Elf:1)
  Donald (Orc:3)
  Gastronok (D:12)
  6 hydras
  Harold (D:10)
  Josephine (D:10)
  3 ogre magi
  Urug (Orc:4)
  An iron troll (Orc:4)
  6 skeletal warriors
  3 deep elf knights
  4 centaur warriors
  2 deep trolls (Orc:4)
  7 hill giants
  An orc knight (D:9)
  2 lindwurms
  4 deep elf conjurers
  A red wasp (shapeshifter) (D:14)
  2 unseen horrors
  A wizard (D:14)
  3 oklob plants (Lair:4)
  6 griffons
  3 cyclopes
  Maurice (Orc:3)
  4 elephants (Lair:7)
  4 black mambas
  15 spiny frogs
  2 feature mimics
  3 fire drakes
  2 deep elf summoners (Elf:1)
  A naga mage (D:14)
  Grinder (D:5)
  10 trolls
  2 deep elf priests
  4 giant leeches (Lair:8)
  A polar bear (Lair:5)
  A spriggan (D:9)
  7 two-headed ogres
  A boulder beetle (Lair:6)
  9 slime creatures (D:13)
  7 komodo dragons
  42 blink frogs
  2 grizzly bears
  A toenail golem (Volcano)
  3 wyverns
  3 hogs (Elf:1)
  3 basilisks
  A vampire (D:14)
  A fire dragon skeleton (D:13)
  6 deep elf magi
  4 fire elementals (Volcano)
  54 yaks
  An elephant slug (Lair:8)
  A hill giant zombie (D:14)
  4 wraiths (D:14)
  14 deep elf fighters
  2 steam dragons
  8 hippogriffs
  6 ugly things (D:13)
  Grum (Orc:3)
  A hungry ghost (D:8)
  The ghost of DasRunzen the Covered, an average FoFi (D:3)
  A molten gargoyle (Volcano)
  5 wolves
  Edmund (D:5)
  3 hill giant skeletons
  2 vampire mosquitoes (Lair:8)
  3 manticores
  2 necrophages (D:9)
  A mottled dragon (D:11)
  2 dwarves (Lair:1)
  2 sky beasts
  An ogre (shapeshifter) (D:14)
  2 ice beasts (D:6)
  19 orc warriors
  9 porcupines
  7 giant goldfish
  3 black bears
  A kobold demonologist (D:14)
  7 centaurs
  6 phantoms
  A yellow wasp (D:9)
  27 ogres
  11 crocodiles
  2 human skeletons (D:14)
  A warg (Orc:3)
  A big kobold (D:9)
  12 giant slugs
  6 water moccasins
  2 human zombies (D:14)
  20 giant frogs
  A manticore zombie (D:11)
  8 agate snails
  2 manticore skeletons
  4 troll zombies
  6 killer bees (D:11)
  2 hippogriff zombies
  A yak zombie (D:12)
  5 electric eels (Lair:8)
  4 jellyfish
  A yak skeleton (D:13)
  9 wights
  A hippogriff skeleton (D:11)
  A troll skeleton (D:10)
  A centaur zombie (D:8)
  A centaur skeleton (D:9)
  11 crimson imps
  6 big fish
  3 goliath beetles
  8 spiders (Lair:5)
  21 orc priests
  5 scorpions
  17 hounds
  5 jellies
  3 giant frog skeletons
  A water moccasin skeleton (D:9)
  A black bear skeleton (D:9)
  7 orange rats (Lair:8)
  8 iguanas
  31 orc wizards
  8 worker ants
  6 ogre zombies
  A mottled dragon zombie (D:14)
  12 sheep
  An ogre skeleton (D:9)
  2 mummies (D:14)
  4 gnolls (D:3)
  42 green rats
  20 adders
  3 giant centipedes
  3 worms
  An inept feature mimic (D:7)
  A scorpion zombie (D:5)
  An adder skeleton (D:7)
  A giant eyeball (D:10)
  9 giant geckos
  196 orcs
  A ball python (D:3)
  14 bats
  A bat skeleton (D:5)
  10 giant cockroaches
  19 hobgoblins
  22 jackals
  18 kobolds
  8 quokkas
  3 giant newts
  19 goblins
  2 goblin skeletons (D:8)
  2 goblin zombies (D:8)
  2 hobgoblin skeletons (D:8)
  3 hobgoblin zombies (D:8)
  An orc skeleton (D:8)
  14 orc zombies (D:8)
  A quokka zombie (D:8)
  29 rats
  11 ballistomycetes
  A bush (Lair:8)
  3 fungi
1124 creatures vanquished.

Vanquished Creatures (collateral kills)
  Nikola (Elf:1)
  Louise (Elf:2)
  A deep elf knight (Elf:2)
  2 spiny frogs (Lair:8)
  2 trolls (Orc:4)
  A two-headed ogre (Orc:4)
  A hydra skeleton (D:12)
  A deep elf mage (Elf:1)
  3 slime creatures (D:12)
  A blink frog (Lair:8)
  A hog (Elf:1)
  5 vampire mosquitoes
  A steam dragon (D:12)
  A mottled dragon (D:12)
  A deep elf fighter (Elf:1)
  3 ogres (Orc:4)
  3 giant frogs (Lair:8)
  A fungus (Lair:8)
30 creatures vanquished.

Vanquished Creatures (others)
  2 balrugs
  3 giant spores
  3 fungi
  A plant (Lair:8)
9 creatures vanquished.

Grand Total: 1163 creatures vanquished

Notes
Turn   | Place    | Note
--------------------------------------------------------------
     0 | D:1      | Nadir, the Formicid Fighter, began the quest for the Orb.
     0 | D:1      | Reached XP level 1. HP: 19/19 MP: 0/0
   105 | D:1      | Reached XP level 2. HP: 22/24 MP: 1/1
   497 | D:1      | Reached XP level 3. HP: 27/29 MP: 2/2
   881 | D:2      | Reached skill level 1 in Short Blades
   910 | D:2      | Reached XP level 4. HP: 27/33 MP: 3/3
  1716 | D:3      | Reached XP level 5. HP: 38/38 MP: 4/4
  1748 | D:3      | Noticed DasRunzen's ghost (average FoFi)
  1757 | D:3      | Killed DasRunzen's ghost
  1757 | D:3      | Reached skill level 5 in Short Blades
  1757 | D:3      | Reached XP level 6. HP: 43/43 MP: 5/5
  2535 | D:4      | Reached skill level 6 in Short Blades
  2535 | D:4      | Reached XP level 7. HP: 47/47 MP: 6/6
  3166 | D:5      | Entered Level 5 of the Dungeon
  3230 | D:5      | Reached skill level 7 in Short Blades
  3406 | D:5      | Noticed Edmund
  3420 | D:5      | Killed Edmund
  3420 | D:5      | Reached skill level 8 in Short Blades
  3420 | D:5      | Reached XP level 8. HP: 31/53 MP: 7/7
  3818 | D:5      | Noticed Grinder
  3832 | D:5      | Killed Grinder
  4057 | D:4      | Reached skill level 5 in Armour
  4310 | D:5      | Reached XP level 9. HP: 51/58 MP: 8/8
  4325 | D:5      | Reached skill level 5 in Fighting
  4974 | D:6      | Got a pair of shimmering boots
  4977 | D:6      | Identified the +5 pair of boots of Inacue {Acc+2} (You found it on level 6 of the Dungeon)
  5003 | D:6      | Found a staircase to the Ecumenical Temple.
  5651 | Temple   | Entered the Ecumenical Temple
  5812 | Temple   | Became a worshipper of Makhleb the Destroyer
  6030 | D:7      | Found a staircase to the Ecumenical Temple.
  6113 | D:7      | the staircase to the Ecumenical Temple was a mimic.
  6144 | D:7      | Found a snail-covered altar of Cheibriados.
  6458 | D:7      | Found Gaqeg's Distillery.
  6493 | D:7      | Bought a potion of might for 32 gold pieces
  6493 | D:7      | Bought a potion of heal wounds for 39 gold pieces
  6493 | D:7      | Bought a potion of heal wounds for 39 gold pieces
  6493 | D:7      | Bought 2 potions of might for 65 gold pieces
  6493 | D:7      | Bought a potion of curing for 26 gold pieces
  6493 | D:7      | Bought a potion of curing for 26 gold pieces
  6493 | D:7      | Bought a potion of agility for 32 gold pieces
  6493 | D:7      | Bought a potion of curing for 26 gold pieces
  6651 | D:8      | Gained mutation: You have a beak for a mouth. [potion of beneficial mutation]
  6679 | D:8      | Acquired Makhleb's first power
  6716 | D:8      | Reached XP level 10. HP: 51/66 MP: 9/9
  6760 | D:8      | Found Aphuxuvapt's Gadget Shop.
  6848 | D:8      | Found a staircase to the Orcish Mines.
  6889 | D:8      | Reached skill level 9 in Armour
  6970 | D:8      | Acquired Makhleb's second power
  7014 | D:8      | Found a flagged portal.
  7024 | Bailey   | Entered a bailey
  7088 | Bailey   | Reached skill level 10 in Armour
  7268 | Bailey   | Noticed a deep elf knight
  7285 | Bailey   | Killed a deep elf knight
  7285 | Bailey   | Reached skill level 11 in Armour
  7285 | Bailey   | Reached XP level 11. HP: 73/73 MP: 10/10
  7433 | Bailey   | Identified a scroll of acquirement
  7637 | D:8      | Acquired Makhleb's third power
  7657 | D:8      | Noticed a fire drake
  7659 | D:8      | Found a staircase to the Lair.
  7664 | D:8      | Killed a fire drake
  7664 | D:8      | Reached skill level 10 in Fighting
  7988 | D:9      | Reached skill level 12 in Armour
  8454 | D:9      | Acquired Makhleb's fourth power
  8722 | D:9      | Reached skill level 13 in Armour
  8807 | D:9      | Reached XP level 12. HP: 81/81 MP: 11/11
  8933 | D:9      | Noticed an orc knight
  9135 | D:9      | Killed an orc knight
  9156 | D:9      | Acquired Makhleb's fifth power
  9368 | D:9      | Found a roughly hewn altar of Beogh.
  9512 | D:10     | Entered Level 10 of the Dungeon
  9603 | D:10     | Noticed Josephine
  9622 | D:10     | Killed Josephine
  9730 | D:10     | Reached skill level 14 in Armour
  9992 | D:10     | Noticed Sonja
  9997 | D:10     | Noticed Sonja
  9997 | D:10     | Sonja changed into Sonja the basilisk
 10000 | D:10     | Killed Sonja the basilisk
 10145 | D:10     | Noticed Harold
 10159 | D:10     | Killed Harold
 10639 | D:10     | Reached skill level 1 in Invocations
 11006 | D:11     | Reached XP level 13. HP: 66/88 MP: 17/19
 11122 | D:11     | Found a portal to a secret trove of treasure.
 11203 | D:11     | Reached skill level 15 in Armour
 12046 | Lair:1   | Entered Level 1 of the Lair of Beasts
 12370 | Lair:1   | Reached skill level 5 in Invocations
 12570 | Lair:1   | Found an iron altar of Okawaru.
 13221 | Lair:2   | You fall through a shaft!
 14005 | Lair:3   | Reached skill level 16 in Armour
 14293 | Lair:3   | Noticed an eight-headed hydra
 14306 | Lair:3   | Killed an eight-headed hydra
 15803 | Lair:5   | Reached XP level 14. HP: 94/94 MP: 26/26
 15967 | Lair:5   | Found a hole to the Spider Nest.
 16943 | Lair:6   | Reached skill level 10 in Invocations
 16994 | Lair:6   | Found a staircase to the Swamp.
 17320 | Lair:6   | Found a dark tunnel.
 17335 | Volcano  | Entered a volcano
 17751 | Lair:6   | Found a staircase to the Slime Pits.
 18791 | Lair:7   | Noticed an Executioner
 18794 | Lair:7   | You fall through a shaft!
 18794 | Lair:8   | Entered Level 8 of the Lair of Beasts
 18888 | Lair:8   | Reached skill level 17 in Armour
 18965 | Lair:8   | Reached XP level 15. HP: 101/101 MP: 28/29
 21151 | Lair:4   | Reached skill level 18 in Armour
 21555 | Orc:1    | Entered Level 1 of the Orcish Mines
 21740 | Orc:1    | Found a burning altar of Makhleb.
 22792 | Orc:3    | Noticed Donald
 22826 | Orc:3    | Killed Donald
 22938 | Orc:4    | Entered Level 4 of the Orcish Mines
 22938 | Orc:4    | Found a staircase to the Elven Halls.
 23212 | Orc:4    | Found Gurunua's Antique Armour Emporium.
 23375 | Orc:3    | Noticed Maurice
 23378 | Orc:3    | Noticed Grum
 23380 | Orc:3    | Killed Maurice
 23417 | Orc:3    | Killed Grum
 23920 | Orc:4    | Found Horaow's Weapon Shoppe.
 23922 | Orc:4    | Found Umuta's Gadget Boutique.
 23984 | Orc:4    | Reached XP level 16. HP: 106/108 MP: 32/32
 24100 | Orc:4    | Found Schir's Distillery.
 24304 | Orc:4    | Noticed Urug
 24323 | Orc:4    | Killed Urug
 24590 | Orc:4    | Bought a pair of embroidered gloves for 34 gold pieces
 24605 | Orc:4    | Bought a potion of beneficial mutation for 490 gold pieces
 24606 | Orc:4    | Gained mutation: You are robust (+10% HP). [potion of beneficial mutation]
 24607 | Orc:4    | Bought 3 potions of curing for 84 gold pieces
 24607 | Orc:4    | Bought a potion of curing for 28 gold pieces
 24607 | Orc:4    | Bought a potion of might for 35 gold pieces
 25415 | D:12     | Noticed Gastronok
 25441 | D:12     | Killed Gastronok
 25863 | D:12     | Found a shimmering altar of Xom.
 25877 | D:12     | Reached skill level 5 in Maces & Flails
 27860 | D:14     | Found an ancient bone altar of Kikubaaqudgha.
 28292 | D:14     | Reached XP level 17. HP: 123/123 MP: 33/33
 28951 | Elf:1    | Entered Level 1 of the Elven Halls
 28957 | Elf:1    | Reached skill level 10 in Maces & Flails
 29178 | Elf:1    | Noticed Nikola
 29190 | Elf:1    | You fall through a shaft!
 29311 | Elf:1    | Found Vausarec's Magical Wand Shoppe.
 29429 | Elf:1    | Found a flickering gateway to a bazaar.
 29436 | Bazaar   | Entered a bazaar
 29439 | Bazaar   | Found Meohio's Assorted Antiques.
 29480 | Bazaar   | Found Ofitacar's Armour Boutique.
 29545 | Bazaar   | Found Strufig's Jewellery Boutique.
 29647 | Bazaar   | Bought a scroll of enchant armour for 110 gold pieces
 29647 | Bazaar   | Bought a potion of heal wounds for 60 gold pieces
 29648 | Bazaar   | Bought a scroll labeled JESAVOQ MOACW for 20 gold pieces
 29648 | Bazaar   | Bought a scratched silver ring for 500 gold pieces
 29692 | Bazaar   | Bought a +2 pair of boots of stealth for 283 gold pieces
 29744 | Bazaar   | Bought an uncursed ring of protection from cold for 325 gold pieces
 29890 | Elf:1    | Found Claodoxt's General Store.
 29898 | Elf:1    | Bought a scroll of identify for 24 gold pieces
 29902 | Elf:1    | Found Reoryger's Jewellery Boutique.
 30190 | Elf:1    | Killed Nikola
 30235 | Elf:1    | Noticed Kirke
 30246 | Elf:1    | Killed Kirke
 30707 | Elf:2    | Noticed Louise
 30718 | Elf:2    | Killed Louise
 30768 | Elf:2    | Noticed Aizul
 30778 | Elf:2    | HP: 1/123 [Aizul/poison arrow (76)]
 30778 | Elf:2    | Mangled by Aizul

Action                   |  1- 3 |  4- 6 |  7- 9 | 10-12 | 13-15 | 16-18 || total
-------------------------+-------+-------+-------+-------+-------+-------++-------
Melee: Mace              |    66 |       |       |       |       |       ||    66
       Dagger            |    21 |   136 |   292 |   868 |  2565 |  1080 ||  4962
       Sabre             |       |       |       |       |       |    35 ||    35
Throw: Dart              |       |       |     1 |       |       |       ||     1
       Throwing net      |       |       |     1 |       |       |       ||     1
Invok: Major Destruction |       |       |       |       |    11 |     3 ||    14
       Greater Servant o |       |       |       |       |     4 |     5 ||     9
 Abil: Dig               |       |       |       |     1 |    12 |     1 ||    14
       Shaft Self        |       |       |       |       |     1 |     1 ||     2
Evoke: Wand              |       |       |     6 |    12 |     6 |     8 ||    32
  Use: Scroll            |       |    10 |     8 |     7 |    14 |     3 ||    42
       Potion            |       |       |     4 |     2 |    24 |    12 ||    42
 Stab: Fleeing           |       |       |       |     1 |       |       ||     1
       Invisible         |       |       |       |       |    16 |     1 ||    17
       Distracted        |       |       |       |       |     1 |     4 ||     5
